 Dungeon Crawl Stone Soup version 0.19-a0-1021-g80cc50c (webtiles) character file.

4073 Deeps the Severer (level 10, -9/77 HPs)
             Began as a Minotaur Fighter on July 27, 2016.
             Was a Priest of Trog.
             Mangled by a komodo dragon (16 damage)
             ... on level 8 of the Dungeon.
             The game lasted 00:28:43 (11092 turns).

Deeps the Severer (Minotaur Fighter)               Turns: 11092, Time: 00:28:44

Health: -9/77      AC: 12    Str: 29    XL:     10   Next: 5%
Magic:  9/9        EV:  8    Int:  5    God:    Trog [***...]
Gold:   463        SH: 10    Dex: 10    Spells: 0 memorised, 9 levels left

rFire  . . .     SeeInvis .     a - +0 war axe
rCold  + . .     Gourm    .     v - +2 ring mail {rC+}
rNeg   . . .     Faith    +     c - +0 shield
rPois  .         Spirit   .     (helmet restricted)
rElec  .         Dismiss  .     (no cloak)
rCorr  .         Reflect  .     r - +2 pair of gloves
SustAt +         Harm     .     h - +0 pair of boots
MR     .....                    n - amulet of faith
Stlth  +.........               (no ring)
                                C - ring of sustain attributes

@: mighty, starving, not resistant to hostile enchantments, very unstealthy
A: retaliatory headbutt, horns 2
a: Berserk, Trog's Hand, Burn Spellbooks, Renounce Religion


You were on level 8 of the Dungeon.
You worshipped Trog.
Trog was most pleased with you.
You were starving.

You visited 2 branches of the dungeon, and saw 9 of its levels.

You collected 463 gold pieces.

Inventory:

Hand Weapons
 a - a +0 war axe (weapon)
Armour
 b - a +0 scale mail
 c - a +0 shield (worn)
 h - a +0 pair of boots (worn)
 l - a +0 pair of gloves
 r - a +2 pair of gloves (worn)
 v - a +2 ring mail of cold resistance (worn)
Jewellery
 n - an amulet of faith (around neck)
 p - an uncursed amulet of dismissal
 C - a ring of sustain attributes (left hand)
Wands
 y - a wand of flame (29/48)
 D - a wand of polymorph (8/24)
Scrolls
 e - a scroll of teleportation
 j - 4 scrolls of blinking
 k - a scroll of magic mapping
 s - 2 scrolls of enchant armour
 u - 2 scrolls of remove curse
 E - a scroll of fog
Potions
 g - a potion of ambrosia
 i - a potion of cancellation
 m - 4 potions of flight
 w - 2 potions of cure mutation {unknown}
 B - a potion of agility {unknown}
Books
 f - a Grand Grimoire

   Spells                             Type                      Level
   a - Monstrous Menagerie            Summoning                    7
   b - Summon Greater Demon           Summoning                    7
   c - Malign Gateway                 Summoning/Translocation      7
   d - Summon Horrible Things         Summoning                    8
   Trog disapproves of the use of such an item.
Comestibles
 o - 3 beef jerkies
 x - 2 meat rations
 z - 6 bread rations
 A - 7 slices of pizza


   Skills:
 - Level 3.6 Fighting
 + Level 15.8 Axes
 - Level 3.7 Armour
 - Level 2.7 Stealth
 - Level 3.8 Shields


You had 9 spell levels left.
You didn't know any spells.

Dungeon Overview and Level Annotations

Branches:
Dungeon (8/15)             Temple (1/1) D:6            Lair (0/6) D:8

Altars:
Ashenzari
Cheibriados
Dithmenos
Elyvilon
Fedhas
Gozag
Hepliaklqana
Kikubaaqudgha
Makhleb
Nemelex Xobeh
Okawaru
Pakellas
Qazlal
Ru
Sif Muna
Trog
Uskayaw
Vehumet
Xom
Yredelemnul
Zin
The Shining One


Innate Abilities, Weirdness & Mutations

You reflexively headbutt those who attack you in melee.
You have a pair of horns on your head.


Message History

You hit the komodo dragon but do no damage.
Your headbutt misses the komodo dragon.
The komodo dragon is heavily wounded.
You block the komodo dragon's attack.
You hit the komodo dragon but do no damage.
You headbutt the komodo dragon.
The komodo dragon is severely wounded.
The komodo dragon bites you!!
* * * LOW HITPOINT WARNING * * *
You're too hungry to go berserk.
You feel better. You block the komodo dragon's attack.
You feel better. The komodo dragon bites you!!
* * * LOW HITPOINT WARNING * * *
You feel better. The komodo dragon closely misses you. You furiously retaliate!
You headbutt the komodo dragon.
You feel better. The komodo dragon bites you!
* * * LOW HITPOINT WARNING * * *
You feel very mighty all of a sudden. The komodo dragon bites you!
You die...

#>## **,** ##..## ##... ##.#
*,* ##...# ##...P #.##
#.####...## #....P #..#
#........# ##....P ##.#
*####...## #...PPP #.##
##...## ###.P..PP *
#..#####....# ##......P. **
##......)..### ###.....PP..
,*
##..#######.@l####......PPP.>
,* ##....#
###.........##PPPP.
,*##.....##
###.......###.PPPP
*#........#
###.>....|....##PPPP
#.........##
#..).....†....######
.##........# #...........<..#
**##.......# #.....[.......##
* ##......###............##
##......##............#


You could see a komodo dragon.

Vanquished Creatures
  Grinder (D:3)
  A yak (D:7)
  A human (D:7)
  3 hippogriffs
  Menkaure (D:5)
  Edmund (D:6)
  2 orc warriors
  A sky beast (D:8)
  A black bear (D:7)
  2 ogres
  2 centaurs
  Blork the orc (D:5)
  A big kobold (D:8)
  6 giant frogs
  A wyvern zombie (D:8)
  A scorpion (D:7)
  2 howler monkeys
  5 wights (D:8)
  2 crimson imps
  A quasit (D:7)
  7 hounds
  A jelly (D:7)
  4 orc priests
  7 orc wizards
  A centaur skeleton (D:4)
  Ijyb (D:3)
  3 iguanas
  8 worker ants
  3 sheep (D:7)
  A hound zombie (D:8)
  A hound skeleton (D:8)
  3 gnolls (D:3)
  8 adders
  3 shadow imps
  2 oozes
  An adder zombie (D:7)
  An adder skeleton (D:5)
  A worm (D:3)
  2 dart slugs
  2 giant geckos
  48 orcs
  3 ball pythons
  5 giant cockroaches
  12 goblins
  8 hobgoblins
  11 jackals
  10 kobolds
  A quokka (D:3)
  A ball python skeleton (D:4)
  8 bats
  6 giant newts
  5 rats
  A plant (D:8)
215 creatures vanquished.

Notes
Turn   | Place    | Note
-------+----------+-------------------------------------------
     0 | D:1      | Deeps the Minotaur Fighter began the quest for the Orb.
     0 | D:1      | Reached XP level 1. HP: 19/19 MP: 0/0
   225 | D:1      | Reached skill level 3 in Axes
   252 | D:1      | Reached XP level 2. HP: 26/26 MP: 1/1
   950 | D:2      | Reached skill level 4 in Axes
   950 | D:2      | Reached XP level 3. HP: 29/31 MP: 2/2
  1057 | D:2      | Found a burning altar of Makhleb.
  1057 | D:2      | Found an oddly glowing altar of Pakellas.
  1182 | D:2      | Reached skill level 5 in Axes
  1328 | D:2      | Reached XP level 4. HP: 36/39 MP: 3/3
  1817 | D:3      | Noticed Ijyb
  1825 | D:3      | Reached skill level 6 in Axes
  1825 | D:3      | Killed Ijyb
  1825 | D:3      | Reached XP level 5. HP: 45/45 MP: 4/4
  1947 | D:3      | Noticed Grinder
  1960 | D:3      | Killed Grinder
  1960 | D:3      | Reached skill level 7 in Axes
  1960 | D:3      | Reached XP level 6. HP: 26/51 MP: 5/5
  1964 | D:3      | Reached skill level 1 in Stealth
  2032 | D:3      | Reached skill level 8 in Axes
  6649 | D:3      | Noticed a hippogriff
  6658 | D:3      | Killed a hippogriff
  6658 | D:3      | Reached skill level 9 in Axes
  6658 | D:3      | Reached XP level 7. HP: 39/57 MP: 6/6
  6717 | D:4      | Noticed a hand axe
  6717 | D:4      | Noticed a hand axe
  6718 | D:4      | Found a hide-covered altar of Uskayaw.
  7133 | D:4      | Reached skill level 10 in Axes
  7318 | D:5      | Entered Level 5 of the Dungeon
  7331 | D:5      | Noticed Menkaure
  7340 | D:5      | Killed Menkaure
  7340 | D:5      | Reached XP level 8. HP: 30/64 MP: 7/7
  7464 | D:5      | Noticed Blork the orc
  7475 | D:5      | Killed Blork the orc
  7581 | D:5      | Reached skill level 11 in Axes
  7926 | D:6      | Found a staircase to the Ecumenical Temple.
  7931 | Temple   | Entered the Ecumenical Temple
  8498 | Temple   | Became a worshipper of Trog the Wrathful
  8599 | D:6      | Reached skill level 12 in Axes
  8924 | D:6      | Reached * piety under Trog
  9080 | D:6      | Reached skill level 13 in Axes
  9080 | D:6      | Reached XP level 9. HP: 14/70 MP: 8/8
  9518 | D:6      | Noticed Edmund
  9522 | D:6      | Killed Edmund
  9728 | D:7      | Reached ** piety under Trog
  9905 | D:7      | Reached skill level 14 in Axes
 10386 | D:8      | Reached skill level 15 in Axes
 10782 | D:8      | Found an ancient bone altar of Kikubaaqudgha.
 10799 | D:8      | Reached XP level 10. HP: 69/77 MP: 9/9
 10907 | D:8      | Reached *** piety under Trog
 11045 | D:8      | Found a staircase to the Lair.
 11089 | D:8      | HP: 2/77 [komodo dragon (19)]
 11092 | D:8      | Mangled by a komodo dragon

Vault maps used:
D:1:      lemuel_arrival_lava_pool
D:2:      grunt_temple_overflow_open
D:3:      kennysheep_goblin_castle, uniq_grinder
D:4:      dancing_weapons_uskayaw, first_bread
D:5:      uniq_blork_the_orc, uniq_menkaure
D:6:      uniq_edmund
D:7:      serial_curves, eino_curves_02, eino_curves_01, grunt_livestock
D:8:      lemuel_doored_altar, david_lair_shrubbed, special_room, fedhas_altar_4
Temple:   dpeg_five_rooms_temple

Skill      XL: |  1  2  3  4  5  6  7  8  9 |
---------------+----------------------------+-----
Axes           | 3 4 5 6 7 9 10 13 15 | 15.8
Stealth        | 1 2 |  2.7
Fighting       | |  3.6
Armour         | |  3.7
Shields        | |  3.8

Action                   |  1- 3 |  4- 6 |  7- 9 | 10-12 || total
-------------------------+-------+-------+-------+-------++-------
Melee: War axe           |    93 |   115 |   360 |    41 ||   609
       Headbutt          |     7 |    15 |    67 |    14 ||   103
Invok: Burn Spellbooks   |       |       |     1 |     1 ||     2
  Use: Potion            |       |     3 |     2 |     8 ||    13
       Scroll            |       |       |    14 |     1 ||    15
  Eat: Bread ration      |       |     3 |       |       ||     3
       Meat ration       |       |     1 |     2 |       ||     3
       Chunk             |       |       |     2 |       ||     2
Armor: Scale mail        |    62 |    36 |       |       ||    98
       Ring mail         |       |    35 |   129 |     8 ||   172
Dodge: Dodged            |    30 |    38 |    77 |     5 ||   150
Block: Shield            |    60 |    88 |   157 |    10 ||   315
